 Dungeon Crawl Stone Soup version 0.24.0-13-gcf9b319 (webtiles) character file.

Game seed: 2297899801771892816, levelgen mode: deterministic

610 Boetheseconed the Basher (level 7, 0/60 HPs)
             Began as a Minotaur Wanderer on Dec 11, 2019.
             Was an Elder of Uskayaw.
             Killed from afar by an orc wizard (6 damage)
             ... with a puff of flame
             ... on level 5 of the Dungeon.
             The game lasted 00:11:23 (3613 turns).

Boetheseconed the Basher (Minotaur Wanderer)        Turns: 3613, Time: 00:11:24

Health: 0/60       AC:  7    Str: 19    XL:     7   Next: 20%
Magic:  6/6        EV: 11    Int:  7    God:    Uskayaw [****..]
Gold:   247        SH:  0    Dex: 11    Spells: 6/6 levels left

rFire    . . .     SeeInvis .   a - +2 mace
rCold    . . .     Gourm    .   (no shield)
rNeg     . . .     Faith    .   b - +0 ring mail
rPois    .         Spirit   .   (helmet restricted)
rElec    .         Reflect  .   (no cloak)
rCorr    .         Harm     .   p - +0 pair of gloves
MR       .....                  (no boots)
Stlth    +.........             (no amulet)
HPRegen  0.20/turn              (no ring)
MPRegen  0.10/turn              (no ring)

@: no status effects
A: retaliatory headbutt, horns 2
a: Stomp, Line Pass, Renounce Religion


You were on level 5 of the Dungeon.
You worshipped Uskayaw.
Uskayaw was noncommittal.
You were not hungry.

You visited 1 branch of the dungeon, and saw 5 of its levels.

You collected 247 gold pieces.

Inventory:

Hand Weapons
 a - a +2 mace (weapon)
Missiles
 g - 14 boomerangs (quivered)
Armour
 b - a +0 ring mail (worn)
 p - a +0 pair of gloves (worn)
Jewellery
 s - an uncursed amulet of rage {unknown}
 u - an uncursed ring of protection from fire
 v - an uncursed ring of positive energy {unknown}
Scrolls
 e - 2 scrolls of enchant armour {unknown}
 j - a scroll of teleportation {unknown}
 k - a scroll of magic mapping {unknown}
 l - 3 scrolls of identify {unknown}
 m - a scroll of enchant weapon {unknown}
 n - 2 scrolls of blinking {unknown}
 q - a scroll of fear {unknown}
 t - a scroll of random uselessness {unknown}
 w - 2 scrolls of remove curse {unknown}
 x - a scroll of immolation {unknown}
Potions
 c - 2 potions of curing
 f - 2 potions of mutation {unknown}
 h - 2 potions of haste {unknown}
 i - a potion of degeneration {unknown}
 o - a potion of agility {unknown}
 r - 2 potions of brilliance {unknown}
 z - 2 potions of might {unknown}
 A - a potion of berserk rage {unknown}
 B - a potion of lignification {unknown}
Comestibles
 d - 9 rations
 C - a chunk of flesh


   Skills:
 + Level 4.9 Fighting
 + Level 8.0 Maces & Flails
 + Level 4.8 Armour
 + Level 2.5 Dodging
 + Level 0.8 Stealth
   Level 1.2 Shields
   Level 1.0 Evocations


You had 6 spell levels left.
You didn't know any spells.
Your spell library was empty.

Dungeon Overview and Level Annotations

Branches:
Dungeon (5/15)
 Temple: D:4-7

Altars:
Cheibriados
Hepliaklqana
Trog
Uskayaw

Shops:
D:4 }**:


Innate Abilities, Weirdness & Mutations

You reflexively headbutt those who attack you in melee.
You have a pair of horns on your head.


Message History

Uskayaw prepares the audience for your solo!
You barely miss something. You headbutt something.
The orc priest is no longer paralysed.
The orc priest calls down the wrath of Beogh upon you.
Beogh smites you!
You thump something! Something hits you but does no damage.
You completely miss something. Something hits you.
You hit something. Something hits you but does no damage.
Uskayaw will force your foes to share their pain.
Uskayaw links your audience in an emotional bond!
You barely miss something. Something hits you.
The orc priest invokes the aid of Beogh against you.
Beogh smites you!
* * * LOW HITPOINT WARNING * * *
Uskayaw prepares the audience for your solo!
You barely miss something.
The orc priest is no longer paralysed.
You hear some strange, mumbled words.
A puff of flame appears from out of thin air!
The puff of flame hits you.
You die...

#...#
#########.##.#
###.# #.##.#
#.# #.##.#
#.##### #.##.#
#.....# #.##.#
#####.# #.##.#
#.# #.##.#
.#######.#
######.##.#
.....o{@.#
#....(.##.#
##########
#.#######.#
#.# #.# #.#
#.#
#.#######.#
#.........#
#########.#
###


You could see an orc priest.

Vanquished Creatures
  An ogre (D:4)
  3 wights (D:4)
  A hound (D:4)
  2 orc wizards (D:4)
  3 orc priests
  2 iguanas
  A worker ant (D:4)
  2 hound skeletons
  4 adders
  3 leopard geckos (D:1)
  10 orcs
  3 ball pythons
  10 bats
  4 giant cockroaches
  5 goblins
  8 hobgoblins
  5 jackals
  3 quokkas
  6 frilled lizards
  12 kobolds
  A leopard gecko skeleton (D:3)
  A leopard gecko zombie (D:5)
  5 rats
95 creatures vanquished.

Notes
Turn   | Place    | Note
-------+----------+-------------------------------------------
     0 | D:1      | Boetheseconed the Minotaur Wanderer began the quest for the
                  | Orb.
     0 | D:1      | Boetheseconed set off with the following items: a +2 mace,
                  | a +0 ring mail, a potion of curing, a ration
     0 | D:1      | Reached XP level 1. HP: 19/19 MP: 0/0
     1 | D:1      | Noticed an electric eel
    55 | D:1      | Reached skill level 5 in Maces & Flails
   148 | D:1      | Reached XP level 2. HP: 25/27 MP: 1/1
   404 | D:1      | Reached XP level 3. HP: 33/33 MP: 2/2
   744 | D:2      | Found a snail-covered altar of Cheibriados.
   953 | D:2      | Reached skill level 6 in Maces & Flails
  1226 | D:2      | Found a hide-covered altar of Uskayaw.
  1234 | D:2      | Became a worshipper of Uskayaw the Reveler
  1382 | D:3      | Reached * piety under Uskayaw
  1383 | D:3      | Found a faded altar of an unknown god.
  1655 | D:3      | Reached skill level 1 in Dodging
  1745 | D:3      | Reached XP level 4. HP: 40/40 MP: 3/3
  1796 | D:3      | Reached ** piety under Uskayaw
  2280 | D:4      | Found Roiwkei's Book Shoppe.
  2334 | D:4      | Found a hazy altar of Hepliaklqana.
  2346 | D:4      | Found a bloodstained altar of Trog.
  2372 | D:4      | Reached *** piety under Uskayaw
  2373 | D:4      | Reached XP level 5. HP: 23/46 MP: 4/4
  2373 | D:4      | Reached **** piety under Uskayaw
  2374 | D:4      | Reached skill level 7 in Maces & Flails
  2376 | D:4      | Reached ***** piety under Uskayaw
  2668 | D:4      | Reached XP level 6. HP: 52/53 MP: 5/5
  2976 | D:4      | Found Jouwkaul's Gadget Shoppe.
  3043 | D:4      | Found Tuical's General Store.
  3105 | D:4      | Found Damom's Antique Weapon Boutique.
  3175 | D:4      | Found Bucargh's Assorted Antiques.
  3263 | D:5      | Entered Level 5 of the Dungeon
  3434 | D:5      | Reached XP level 7. HP: 52/60 MP: 6/6
  3607 | D:5      | Reached skill level 8 in Maces & Flails
  3613 | D:5      | Killed from afar by an orc wizard

Levels and vault maps discovered:
D:1:      arrival_aquarium_a, layout_basic, chequers_big_river
D:2:      layout_loops_ring, lemuel_crystal_altar, cheibriados_altar_1
D:3:      layout_loops_ring, chequers_ecumenical_altar_island,
          minmay_misc_feat_tiny
D:4:      layout_gridville, overflow_temple_1_default, serial_shops,
          kennysheep_mini_moat, shop, nicolae_shop_overgrown_old_shop, shop,
          nicolae_shop_waterfront, first_ration, serial_park_tiny_pond,
          trog_three_pillars_becter
D:5:      layout_basic

Skill      XL: |  1  2  3  4  5  6  7 |
---------------+----------------------+-----
Maces & Flails | 5 6 7 8 |  8.0
Fighting       | 4 |  4.9
Dodging        | 1 2 |  2.5
Armour         | 2 3 4 |  4.8
Stealth        | |  0.8
Shields        | |  1.2
Evocations     | |  1.0

Action                   |  1- 3 |  4- 6 |  7- 9 || total
-------------------------+-------+-------+-------++-------
Melee: Mace              |    99 |    74 |    20 ||   193
       Headbutt          |     6 |    14 |     4 ||    24
 Stab: Paralysed         |       |     1 |       ||     1
  Eat: Chunk             |     2 |     5 |     2 ||     9
Armor: Ring mail         |    33 |    26 |     4 ||    63
Dodge: Dodged            |    64 |    40 |     3 ||   107
